 Dungeon Crawl Stone Soup version 0.21.1-1-g345015f (webtiles) character file.

5 tidbits the Sneak (level 1, 8/13 HPs)
             Began as a Gnoll Enchanter on June 6, 2018.
             Quit the game on level 2 of the Dungeon.
             The game lasted 00:01:26 (157 turns).

tidbits the Sneak (Gnoll Enchanter)                  Turns: 157, Time: 00:01:27

Health: 8/13       AC:  2    Str: 10    XL:     1   Next: 80%
Magic:  4/6        EV: 14    Int: 17    God:
Gold:   13         SH:  0    Dex: 15    Spells: 8/9 levels left

rFire    . . .     SeeInvis .   a - +1 dagger
rCold    . . .     Gourm    .   (no shield)
rNeg     . . .     Faith    .   b - +0 robe
rPois    .         Spirit   .   (no helmet)
rElec    .         Reflect  .   (no cloak)
rCorr    .         Harm     .   (no gloves)
MR       .....                  (no boots)
Stlth    ++........             (no amulet)
HPRegen  0.04/turn              h - ring of loudness (curse)
MPRegen  0.10/turn              (no ring)

@: no status effects
A: distributed training, fangs 1, strong nose
a: no special abilities


You were on level 2 of the Dungeon.
You were not hungry.

You visited 1 branch of the dungeon, and saw 2 of its levels.

You collected 13 gold pieces.

Inventory:

Hand Weapons
 a - a +1 dagger (weapon)
 f - a +0 short sword
Armour
 b - a +0 robe (worn)
Jewellery
 h - a cursed ring of loudness (left hand)
   (You found it on level 2 of the Dungeon)
Potions
 e - a potion of lignification {unknown}
 g - a potion of haste {unknown}
Books
 c - a book of Maledictions

   Spells                             Type                      Level
   a - Corona                         Hexes                        1
   b - Ensorcelled Hibernation        Hexes/Ice                    2
   c - Confuse                        Hexes                        3
   d - Tukima's Dance                 Hexes                        3
   e - Dazzling Spray                 Conjuration/Hexes            3
Comestibles
 d - 3 rations


   Skills:
 + Level 0.1 Fighting
 + Level 2.4 Short Blades
 + Level 0.1 Long Blades
 + Level 0.1 Axes
 + Level 0.1 Maces & Flails
 + Level 0.1 Polearms
 + Level 0.1 Staves
 + Level 0.1 Slings
 + Level 0.1 Bows
 + Level 0.1 Crossbows
 + Level 0.1 Throwing
 + Level 0.1 Armour
 + Level 4.4 Dodging
 + Level 5.9 Stealth
 + Level 0.1 Shields
 + Level 0.1 Unarmed Combat
 + Level 4.9 Spellcasting
 + Level 0.1 Conjurations
 + Level 5.3 Hexes
 + Level 0.1 Charms
 + Level 0.1 Summonings
 + Level 0.1 Necromancy
 + Level 0.1 Translocations
 + Level 0.1 Transmutations
 + Level 0.1 Fire Magic
 + Level 0.1 Ice Magic
 + Level 0.1 Air Magic
 + Level 0.1 Earth Magic
 + Level 0.1 Poison Magic
 + Level 0.2 Invocations
 + Level 0.1 Evocations


You had 8 spell levels left.
You knew the following spells:

 Your Spells              Type           Power        Failure   Level  Hunger
a - Corona                Hex            ###....      1%          1    None


Dungeon Overview and Level Annotations

Branches:
Dungeon (2/15)

Altars:


Innate Abilities, Weirdness & Mutations

Your experience applies equally to all skills.
You have very sharp teeth.
Your uncanny sense of smell can sniff out nearby items.


Message History

Unknown command.
Found a ration.
You see here a ration.
d - 2 rations (gained 1)
Found 13 gold pieces.
A bat comes into view.
You open the door.
There is an open door here.
You see here 13 gold pieces.
You now have 13 gold pieces.
The bat hits you.
Casting: Corona
Confirm with . or Enter, or press ? or * to list all spells.
Aiming: Corona
Press: ? - help, Shift-Dir - straight line, f - bat
Aim: a bat (chance to defeat MR: 77%)
The bat barely resists.
The bat closely misses you.
Casting: Corona
Confirm with . or Enter, or press ? or * to list all spells.
Aiming: Corona
Press: ? - help, Shift-Dir - straight line, f/p - bat
Aim: a bat (chance to defeat MR: 77%)
The bat is outlined in light.
The bat hits you.
You hit the bat.
You kill the bat!
You open the door.
There is an open door here.
You open the door.
There is an open door here.
Found a club.
You see here a ration.
d - 3 rations (gained 1)
You open the door.
There is an open door here.
You open the door.
There is an open door here.
Found a short sword.
Found a fuming golden potion.
Found a stone staircase leading down.
You see here a short sword.
f - a short sword You see here a fuming golden potion.
You open the door.
g - a fuming golden potion
There is a stone staircase leading down here.
You climb downwards.
Found a glowing coppery potion.
There is a stone staircase leading up here.
Unknown command.
A rat comes into view.
Found a shiny sapphire ring.
A goblin comes into view. It is wielding a dagger.
The rat moves out of view.
You see here a shiny sapphire ring.
A hobgoblin comes into view.
The helpless goblin fails to defend itself.
You impale the goblin!!
You kill the goblin!
You see here a shiny sapphire ring.
You barely miss the rat.
Casting: Corona
Confirm with . or Enter, or press ? or * to list all spells.
Aiming: Corona
Press: ? - help, Shift-Dir - straight line, f - rat
Aim: a rat (chance to defeat MR: 77%)
The rat barely resists.
The rat bites you.
Casting: Corona
Confirm with . or Enter, or press ? or * to list all spells.
Aiming: Corona
Press: ? - help, Shift-Dir - straight line, f/p - rat
Aim: a rat (chance to defeat MR: 77%)
The rat is outlined in light.
The rat bites you.
You hit the rat.
You kill the rat!
h - a shiny sapphire ring
Okay, then.
Things that are here:
a dagger; a goblin corpse The hobgoblin shouts!
The hobgoblin closely misses you.
Found a stone staircase leading down.
Casting: Corona
Confirm with . or Enter, or press ? or * to list all spells.
Aiming: Corona
Press: ? - help, Shift-Dir - straight line, f - hobgoblin
Aim: a hobgoblin (chance to defeat MR: 77%)
The hobgoblin is outlined in light.
The hobgoblin misses you.
You barely miss the hobgoblin. The hobgoblin closely misses you.
You hit the hobgoblin.
The hobgoblin is heavily wounded.
The hobgoblin hits you but does no damage.
You hit the hobgoblin.
You kill the hobgoblin!
Things that are here:
a dagger; a goblin corpse Put on which piece of jewellery? (? for menu, Esc to quit)
Oops, that ring feels deathly cold.
h - a cursed ring of loudness (left hand)
Okay, then.
Are you sure you want to abandon this character and quit the game? (Confirm with "yes".)

#.. #..#####
#..#...#
##..#...#####.
..............
#.....#...#..
#.......#..#
######.....#...#.
.......@##...#.!.
#######.#..#...#
#.#.#..#..#
#†#<........
#.###.###### ...
.# #.# ## ... ..#


There were no monsters in sight!

Vanquished Creatures
  A bat (D:1)
  A goblin (D:2)
  A hobgoblin (D:2)
  A kobold (D:1)
  A rat (D:2)
5 creatures vanquished.

Notes
Turn   | Place    | Note
-------+----------+-------------------------------------------
     0 | D:1      | tidbits the Gnoll Enchanter began the quest for the Orb.
     0 | D:1      | Reached XP level 1. HP: 13/13 MP: 6/6
   157 | D:2      | Quit the game

Action                   || total
-------------------------++-------
Melee: Dagger            ||     9
 Cast: Corona            ||     6
 Stab: Sleeping          ||     1
Armor: Robe              ||     1
Dodge: Dodged            ||     4

Table legend:
 A = Turns spent in this place as a percentage of turns spent in the entire game.
 B = Non-inter-level travel turns spent in this place as a percentage of non-inter-level travel turns spent in the entire game.
 C = Inter-level travel turns spent in this place as a percentage of turns spent in this place.
 D = Turns resting spent in this place as a percentage of non-inter-level travel turns spent in this place.
 E = Turns spent auto-exploring this place as a percentage of non-inter-level travel turns spent in this place.
 F = Non-inter-level travel turns spent in this place divided by the number of levels of this place that you've seen.
                   A       B       C       D       E      F
               +-------+-------+-------+-------+-------+----------------------
         Total | 100.0 | 100.0 |   0.0 |   0.0 |   0.0 |  78.5
       Dungeon | 100.0 | 100.0 |   0.0 |   0.0 |   0.0 |  78.5
               +-------+-------+-------+-------+-------+----------------------

Table legend:
 A = Kills in this place as a percentage of kills in entire the game.
 B = Kills by you in this place as a percentage of kills by you in the entire game.
 C = Kills by friends in this place as a percentage of kills by friends in the entire game.
 D = Other kills in this place as a percentage of other kills in the entire game.
 E = Experience gained in this place as a percentage of experience gained in the entire game.
 F = Experience gained in this place divided by the number of levels of this place that you have seen.
                   A       B       C       D       E      F
               +-------+-------+-------+-------+-------+----------------------
         Total | 100.0 | 100.0 |   N/A |   N/A | 100.0 |   4.0
       Dungeon | 100.0 | 100.0 |   N/A |   N/A | 100.0 |   4.0
               +-------+-------+-------+-------+-------+----------------------

Vault maps used:
D:1:      evilmike_arrival_crescent
D:2:      first_ration, hex_tiny, uniq_robin
